Map: Abyssal Reef LE

Players

GAMETIME

  • Race: Zerg Zerg
  • Spawn Location: 5:00

TheoRy - Winner!

  • Race: Protoss Protoss
  • Spawn Location: 11:00

Event: WCS Montreal 2017

VOD

Have the link to the VOD?

Description

Time

  • Played on: Sept. 8, 2017, 12:21 p.m.
  • Length: 8:52

All games in this series

Show
View Real Time Build Order
Export as new Build Order

GAMETIME Zerg 

Build Orders: Hatch First, Ravager All-In 

Get SALT Encoding   

  12  0:00  Drone  
  13  0:12  Overlord  
  13  0:18  Drone  
  14  0:30  Drone x2  
  16  0:48  Hatchery  
  15  0:51  Drone  
  15  0:55  Drone  
  17  0:59  Drone  
  18  1:05  Extractor  
  17  1:14  Spawning Pool  
  17  1:17  Drone  
  17  1:21  Drone  
  18  1:27  Drone  
  19  1:37  Extractor  
  19  1:39  Drone  
  19  1:49  Drone  
  20  2:02  Queen, Overlord, Roach Warren  
  21  2:11  Overlord  
  21  2:39  Queen  
  21  2:43  Roach x2  
  21  2:44  Roach  
  29  2:55  Roach  
  31  3:03  Ravager x2  
  31  3:04  Ravager  
  34  3:07  Overlord  
  34  3:10  Roach x2  
  35  3:20  Ravager  
  35  3:21  Roach  
  40  3:27  Roach  
  40  3:28  Roach  
  42  3:43  Roach x2  
  41  4:01  Drone x2  
  41  4:09  Hatchery  
  40  4:11  Ravager  
  40  4:12  Ravager  
  42  4:18  Drone x3  
  42  4:19  Drone  
  46  4:27  Overlord  
  46  4:38  Lair  
  46  4:48  Drone x2  
  46  4:49  Drone  
  46  4:51  Drone  
  47  4:57  Drone  
  40  5:01  Spore Crawler  
  40  5:04  Evolution Chamber  
  38  5:08  Spore Crawler  
  38  5:11  Drone  
  39  5:14  Drone  
  39  5:18  Drone  
  40  5:22  Drone  
  40  5:24  Drone  
  40  5:27  Drone  
  43  5:39  Hydralisk Den, Zerg Missile Weapons Level 1  
  43  5:41  Drone  
  43  5:44  Drone  
  44  5:51  Glial Reconstitution  
  44  5:53  Overlord  
  44  5:55  Drone  
  45  6:02  Overlord  
  45  6:09  Muscular Augments  
  45  6:12  Drone  
  45  6:13  Drone x2  
  45  6:17  Drone x2  
  50  6:19  Drone  
  50  6:20  Extractor  
  50  6:21  Extractor  
  49  6:31  Hydralisk  
  49  6:32  Hydralisk x2  
  54  6:35  Overlord  
  54  6:39  Overlord  
  54  6:48  Overlord  
  53  6:55  Hydralisk x3  
  58  7:01  Hydralisk  
  58  7:02  Hydralisk  
  58  7:06  Hydralisk  
  64  7:10  Roach  
  66  7:15  Overlord  
  66  7:16  Hydralisk  
  68  7:25  Hydralisk  
  68  7:31  Roach x2  
  72  7:37  Hydralisk  
  73  7:47  Hydralisk  
  73  7:49  Roach  
  73  7:50  Roach  
  79  7:54  Roach  
  79  7:55  Overlord x2  
  79  7:57  Roach  
  83  8:08  Overseer  
  83  8:18  Roach x2  
  87  8:21  Ravager  
  87  8:23  Roach x2  
Show
View Real Time Build Order
Export as new Build Order

TheoRy Protoss - Winner!

Build Orders:  

Get SALT Encoding   

  12  0:00  Probe (Chrono Boost)  
  13  0:11  Probe (Chrono Boost)  
  14  0:19  Pylon  
  14  0:25  Probe (Chrono Boost)  
  15  0:37  Probe (Chrono Boost)  
  16  0:42  Forge  
  16  0:48  Probe (Chrono Boost)  
  17  0:58  Probe (Chrono Boost)  
  18  1:04  Pylon  
  18  1:09  Probe (Chrono Boost)  
  19  1:20  Probe (Chrono Boost)  
  19  1:21  Assimilator  
  20  1:27  Photon Cannon  
  20  1:31  Gateway  
  20  1:38  Photon Cannon  
  21  1:40  Probe (Chrono Boost)  
  21  1:51  Probe (Chrono Boost)  
  22  1:57  Assimilator  
  22  2:02  Probe (Chrono Boost)  
  23  2:12  Probe (Chrono Boost)  
  24  2:21  Cybernetics Core  
  24  2:23  Probe (Chrono Boost)  
  25  2:33  Probe (Chrono Boost)  
  25  2:35  Photon Cannon  
  26  2:42  Pylon  
  26  2:54  Nexus  
  26  3:06  Stargate  
  26  3:08  Warp Gate  
  26  3:10  Probe (Chrono Boost)  
  28  3:23  Stalker  
  28  3:24  Probe (Chrono Boost)  
  29  3:34  Probe (Chrono Boost)  
  30  3:45  Probe (Chrono Boost)  
  30  3:46  Photon Cannon  
  31  4:06  Mothership Core (Chrono Boost), Oracle (Chrono Boost), Pylon  
  34  4:11  Gateway  
  34  4:17  Probe  
  35  4:25  Photon Cannon  
  35  4:27  Probe x2, Pylon  
  37  4:41  Void Ray (Chrono Boost)  
  41  4:50  Probe  
  42  4:55  Probe  
  42  4:56  Stargate  
  43  5:04  Probe  
  43  5:06  Probe  
  44  5:12  Assimilator  
  45  5:14  Assimilator  
  45  5:16  Probe (Chrono Boost)  
  45  5:17  Pylon  
  45  5:18  Probe (Chrono Boost)  
  47  5:28  Probe (Chrono Boost)  
  48  5:29  Probe (Chrono Boost)  
  48  5:35  Sentry  
  51  5:38  Probe (Chrono Boost), Oracle (Chrono Boost)  
  55  5:43  Probe (Chrono Boost)  
  55  5:44  Oracle (Chrono Boost)  
  55  5:48  Pylon  
  55  5:49  Probe  
  60  5:55  Probe  
  61  5:58  Pylon  
  61  6:01  Probe  
  62  6:07  Nexus  
  62  6:11  Oracle (Chrono Boost)  
  62  6:17  Oracle (Chrono Boost)  
  68  6:19  Probe  
  69  6:33  Probe  
  69  6:38  Probe  
  71  6:42  Stargate, Oracle (Chrono Boost)  
  71  6:45  Probe  
  71  6:46  Pylon  
  75  6:50  Probe  
  76  7:00  Probe  
  77  7:03  Probe  
  77  7:05  Oracle (Chrono Boost), Pylon  
  77  7:07  Pylon  
  81  7:09  Pylon  
  81  7:12  Probe  
  81  7:14  Pylon  
  81  7:15  Probe  
  83  7:16  Oracle (Chrono Boost)  
  83  7:17  Probe  
  87  7:24  Probe  
  87  7:27  Probe  
  87  7:28  Probe  
  90  7:34  Pylon  
  90  7:36  Probe, Oracle (Chrono Boost)  
  94  7:38  Probe  
  94  7:39  Probe  
  96  7:47  Oracle (Chrono Boost)  
  96  7:50  Photon Cannon  
  90  7:52  Photon Cannon  
  90  7:54  Photon Cannon, Pylon  
  90  7:55  Oracle (Chrono Boost)  
  93  7:59  Adept  
  93  8:03  Photon Cannon  
  93  8:05  Pylon  
  95  8:09  Oracle (Chrono Boost)  
  98  8:20  Photon Cannon, Pylon  
  84  8:36  Probe, Stalker  
  90  8:44  Assimilator  
  90  8:46  Twilight Council  
  90  8:48  Assimilator  
  90  8:50  Gateway  
  90  8:52  Gateway  
Tags
 
Add a new tag
Caveats
  • Supply blocks, unpowered buildings, or Contaminate may cause inaccurate times.
  • Supply counts are checked every 10 seconds.